Construct Infanterie Kompanie
Selects Luftwaffe Battlegroup
Selects Luftwaffe Pioneer Support
Fallschirmpioneer Squad Paradrop
Fallschirmpioneer Squad Paradrop
Fallschirmpioneer Squad Paradrop
Selects LG40 Recoilless Gun Paradrop
Infanterie Officer Quarters
Construct Luftwaffe Kompanie
Fallschirmpioneer Squad Paradrop
Selects Reconnaissance Run
Selects Fallschirmjäger Squad Paradrop
Fallschirmjäger Squad Paradrop
Construct Panzer Kompanie
Fallschirmpioneer Squad Paradrop
Selects Fragmentation Bombs
Selects Fragmentation Bombs
Selects Flak 38 Anti-Air Emplacement